 Dungeon Sprint DCSS version 0.27-a0-1332-g84bddb5ca7 (webtiles) character file.

Game seed: 3081524192359570230

24597 mhtbhm the Sorcerer (level 12, -49/62 HPs)
             Began as a Deep Elf Earth Elementalist on June 25, 2021.
             Was the Champion of Vehumet.
             Killed from afar by a fire giant (53 damage)
             ... with a fireball
             ... in the Dungeon (Sprint IX: "|||||||||||||||||||||||||||||").
             The game lasted 00:11:24 (4945 turns).

mhtbhm the Sorcerer (Deep Elf Earth Elementalist)   Turns: 4945, Time: 00:11:25

Health: -49/62     AC:  8    Str:  5    XL:     12   Next: 82%
Magic:  44/44      EV: 14    Int: 29    God:    Vehumet [******]
Gold:   1175       SH:  0    Dex: 15    Spells: 42/63 levels left

rFire    . . .     SeeInvis +   m - +2 rapier (drain)
rCold    . . .     Faith    .   (no shield)
rNeg     . . .     Spirit   .   b - +0 robe
rPois    .         Reflect  .   l - +1 helmet {SInv}
rElec    .         Harm     .   A - +0 cloak {Will+}
rCorr    .         Rampage  .   w - +1 pair of gloves
Will     ++...     NoTele   +   k - +0 pair of boots
Stlth    +++.......             (no amulet)
HPRegen  0.20/turn              E - ring of wizardry
MPRegen  0.29/turn              o - +3 ring of intelligence

@: hasted, very quick
A: no striking features
a: Renounce Religion


You were in the Dungeon.
You worshipped Vehumet.
Vehumet was exalted by your worship.
You visited 1 branch You collected 1925 gold pieces.
You spent 750 gold pieces at shops.

Inventory:

Hand Weapons
 m - a +2 rapier of draining (weapon)
Missiles
 i - 4 throwing nets
 y - 4 curare-tipped darts
 z - 8 silver boomerangs
 D - 13 stones
Armour
 b - a +0 robe (worn)
 k - a +0 pair of boots (worn)
 l - a +1 helmet of see invisible (worn)
 w - a +1 pair of gloves (worn)
 A - a +0 cloak of willpower (worn)
Jewellery
 n - a ring of poison resistance
 o - a +3 ring of intelligence (right hand)
 C - a ring of protection from fire
 E - a ring of wizardry (left hand)
 F - a ring of see invisible
Wands
 j - a wand of iceblast (3)
 x - a wand of acid (7)
Scrolls
 e - 2 scrolls of amnesia
 h - a scroll of blinking
 r - 4 scrolls of identify
 s - a scroll of fear
 t - 2 scrolls of enchant armour
 u - 2 scrolls of enchant weapon
 v - 2 scrolls of fog
Potions
 a - 2 potions of invisibility
 c - 7 potions of curing
 d - 7 potions of heal wounds
 f - 3 potions of magic
 g - 2 potions of berserk rage
 p - 2 potions of might
 B - a potion of brilliance


   Skills:
 + Level 1.6 Fighting
 + Level 5.9 Dodging
 + Level 5.8 Stealth
 + Level 26.3 Spellcasting
 + Level 2.9 Conjurations
 + Level 5.2 Transmutations
 + Level 22.8 Earth Magic
 + Level 3.2 Evocations


You had 42 spell levels left.
You knew the following spells:

 Your Spells              Type           Power      Damage    Failure   Level
a - Sandblast             Erth           100%       2d20      0%          1
b - Passwall              Tmut/Erth      73%        N/A       0%          2
c - Stone Arrow           Conj/Erth      100%       3d13      0%          3
d - Lee's Rapid Deconstr  Erth           53%        3d26*     0%          5
e - Petrify               Tmut/Erth      88%        N/A       0%          4
f - Iron Shot             Conj/Erth      42%        9d8       1%          6

Your spell library contained the following spells:

 Spells                   Type           Power      Damage    Failure   Level


Dungeon Overview and Level Annotations

Branches:
Dungeon (1/1)

Altars:
Cheibriados
Dithmenos
Elyvilon
Fedhas
Gozag
Hepliaklqana
Kikubaaqudgha
Makhleb
Nemelex Xobeh
Okawaru
Qazlal
Ru
Sif Muna
Trog
Uskayaw
Vehumet
Wu Jian
Xom
Yredelemnul
Zin
The Shining One
Beogh
Jiyva
Lugonu

Shops:
D ([*=


Message History

a +0 dire flail; a +0 dire flail; a +0 vampiric battleaxe Unknown command.
You see here a +0 triple crossbow.
You see here a +3 dire flail.
You see here a +1 giant spiked club.
You see here a +3 chain mail.
Things that are here:
a +0 cloak; a +1 cloak You see here a +0 helmet.
A fire giant comes into view.
It is wielding a +1 great sword of flaming.
You see here the +1 chain mail of Lohi Meg {+Inv Int+3 Stlth+}.
Casting: Lee's Rapid Deconstruction (safe; 0% risk of failure)
Confirm with . or Enter, or press ? or * to list all spells.
Aiming: Petrify (safe; 0% risk of failure)
Press: ? - help, Shift-Dir - straight line, f - fire giant
Aim: a fire giant, wielding a +1 great sword of flaming (wandering, hasn't noticed you, chance to affect: 37%)
The fire giant shouts!
The fire giant easily resists.
Unknown command.
Casting: Petrify (safe; 0% risk of failure)
Confirm with . or Enter, or press ? or * to list all spells.
Aiming: Petrify (safe; 0% risk of failure)
Press: ? - help, Shift-Dir - straight line, f/p - fire giant
Aim: a fire giant, wielding a +1 great sword of flaming (chance to affect: 37%)
The fire giant easily resists.
The fire giant points at you and mumbles some strange words.
The fireball explodes!
The fireball engulfs you!!!
Ouch! That really hurt!
* * * LOW HITPOINT WARNING * * *
Unknown command.
Magic courses through your body.
You feel yourself speed up.
You see here a +0 helmet.
Things that are here:
a +0 cloak; a +1 cloak You see here a +3 chain mail.
The fire giant casts a spell at you.
The fireball explodes!
The fireball engulfs you!!!
Ouch! That really hurt!
You die...

'.....)[.....÷'........÷÷........
▓▓▓▓▓▓▓▓▓▓▓▓▓▓▓▓▓▓▓▓▓▓▓▓▓▓▓▓▓▓▓▓▓
.........)........).....)........
▓▓▓▓▓▓▓▓▓▓▓▓▓▓▓▓▓▓▓▓▓▓▓▓▓▓▓▓▓▓▓▓▓
.....)))....)......[[[.......)..)
▓▓▓▓▓▓▓▓▓▓▓▓▓▓▓▓▓▓▓▓▓▓▓▓▓▓▓▓▓▓▓▓▓
.................................
▓▓▓▓▓▓▓▓▓▓▓▓▓▓▓▓▓▓▓▓▓▓▓▓▓▓▓▓▓▓▓▓▓
..'..=..))))))))@[[[[C[.[........
▓▓▓▓▓▓▓▓▓▓▓▓▓▓▓▓▓▓▓▓▓▓▓▓▓▓▓▓▓▓▓▓▓
,,,,,,,,,,,,,,,,,,,,,,,,,,,,,,,,,
*********************************
,,,,,,,,+,,,,,,,,,+,,,,,,,,,+,,,,
*********************************
,,,,,,,,,,,,,,,,,,,,,,,,,,,,,,,,,
*********************************
,,,,,,,,,,+,,,,,,,,,,,,,,,,,,+,,,


You could see a fire giant.

Vanquished Creatures
  A very ugly thing (D)
  A stone giant (D)
  2 ettins (D)
  Harold (D)
  A boulder beetle (D)
  6 ogre magi (D)
  A death knight (D)
  A centaur warrior (D)
  5 two-headed ogres (D)
  Sonja (D)
  3 ugly things (D)
  2 cyclopes (D)
  3 manticores (D)
  3 black mambas (D)
  An elephant (D)
  Joseph (D)
  A kobold demonologist (D)
  4 komodo dragons (D)
  A jumping spider (shapeshifter) (D)
  A polar bear (D)
  A blink frog (D)
  A slime creature (D)
  4 yaks (D)
  2 wyverns (D)
  Eustachio (D)
  A steam dragon (D)
  4 wargs (D)
  2 water moccasins (D)
  3 hell hounds (D)
  12 orc warriors (D)
  3 ogres (D)
  A wolf (D)
  3 bullfrogs (D)
  A scorpion (D)
  2 orc priests (D)
  7 orc wizards (D)
  A gnoll (D)
  An adder zombie (D)
  7 orcs (D)
  2 endoplasms (D)
  A kobold (D)
  A quokka (D)
  A bat (D)
  A jackal skeleton (D)
103 creatures vanquished.

Notes
Turn   | Place    | Note
-------+----------+-------------------------------------------
     0 | D        | mhtbhm the Deep Elf Earth Elementalist began the quest for
                  | the Orb.
     0 | D        | Reached XP level 1. HP: 10/10 MP: 6/6
   214 | D        | Noticed an ogre
   214 | D        | Noticed a scorpion
   220 | D        | Killed an ogre
   221 | D        | Reached skill level 6 in Spellcasting
   221 | D        | Reached XP level 2. HP: 15/15 MP: 4/11
   221 | D        | Reached XP level 3. HP: 19/19 MP: 4/13
   221 | D        | Reached XP level 4. HP: 24/24 MP: 4/14
   225 | D        | Reached skill level 7 in Spellcasting
   439 | D        | Learned a level 2 spell: Passwall
   443 | D        | Learned a level 3 spell: Stone Arrow
   463 | D        | Killed a scorpion
   464 | D        | Reached skill level 8 in Spellcasting
   464 | D        | Reached XP level 5. HP: 28/28 MP: 13/17
   499 | D        | Learned a level 5 spell: Lee's Rapid Deconstruction
   504 | D        | Learned a level 4 spell: Petrify
   509 | D        | Found a snail-covered altar of Cheibriados.
   509 | D        | Found a shadowy altar of Dithmenos.
   509 | D        | Found a white marble altar of Elyvilon.
   509 | D        | Found a blossoming altar of Fedhas.
   509 | D        | Found an opulent altar of Gozag.
   510 | D        | Found a hazy altar of Hepliaklqana.
   511 | D        | Found a viscous altar of Jiyva.
   512 | D        | Found an ancient bone altar of Kikubaaqudgha.
   513 | D        | Found a corrupted altar of Lugonu.
   514 | D        | Found a burning altar of Makhleb.
   515 | D        | Found a sparkling altar of Nemelex Xobeh.
   516 | D        | Found an iron altar of Okawaru.
   517 | D        | Found a stormy altar of Qazlal.
   518 | D        | Found a sacrificial altar of Ru.
   519 | D        | Found a shimmering blue altar of Sif Muna.
   520 | D        | Found a bloodstained altar of Trog.
   521 | D        | Found a hide-covered altar of Uskayaw.
   522 | D        | Found a radiant altar of Vehumet.
   523 | D        | Found an ornate altar of the Wu Jian Council.
   524 | D        | Found a shimmering altar of Xom.
   525 | D        | Found a basalt altar of Yredelemnul.
   526 | D        | Found a glowing silver altar of Zin.
   527 | D        | Found a glowing golden altar of the Shining One.
   530 | D        | Became a worshipper of Vehumet
   574 | D        | Noticed a steam dragon
   574 | D        | Noticed a yak
   574 | D        | Noticed a yak
   574 | D        | Noticed an orc warrior
   578 | D        | Killed a steam dragon
   579 | D        | Reached skill level 10 in Spellcasting
   579 | D        | Reached skill level 10 in Earth Magic
   579 | D        | Reached XP level 6. HP: 19/32 MP: 7/21
   579 | D        | Killed a yak
   579 | D        | Reached * piety under Vehumet
   579 | D        | Offered knowledge of Foxfire by Vehumet.
   580 | D        | Reached skill level 5 in Dodging
   580 | D        | Reached skill level 11 in Spellcasting
   721 | D        | Killed a yak
   722 | D        | Reached skill level 12 in Spellcasting
   722 | D        | Reached XP level 7. HP: 37/37 MP: 17/24
   725 | D        | Reached ** piety under Vehumet
   725 | D        | Offered knowledge of Static Discharge by Vehumet.
   726 | D        | Reached skill level 5 in Stealth
   834 | D        | Noticed a komodo dragon
   834 | D        | Noticed a cyclops
   834 | D        | Noticed a green ugly thing
   834 | D        | Noticed a manticore
   834 | D        | Noticed a slime creature
   834 | D        | Noticed a kobold demonologist
   840 | D        | Killed a cyclops
   841 | D        | Reached skill level 14 in Spellcasting
   841 | D        | Reached XP level 8. HP: 42/42 MP: 14/28
   841 | D        | Killed a komodo dragon
   842 | D        | Reached skill level 1 in Fighting
   849 | D        | Killed a green ugly thing
   850 | D        | Reached skill level 15 in Spellcasting
   853 | D        | Killed a manticore
   853 | D        | Reached *** piety under Vehumet
   854 | D        | Reached skill level 16 in Spellcasting
   854 | D        | Reached skill level 15 in Earth Magic
   854 | D        | Reached XP level 9. HP: 21/47 MP: 4/31
   854 | D        | Noticed a rust devil
  1184 | D        | Offered knowledge of Poisonous Vapours by Vehumet.
  1184 | D        | Killed a kobold demonologist
  1185 | D        | Reached skill level 17 in Spellcasting
  1185 | D        | Reached skill level 1 in Conjurations
  1185 | D        | Reached skill level 1 in Evocations
  1483 | D        | Noticed a komodo dragon
  1483 | D        | Noticed a black mamba
  1486 | D        | Offered knowledge of Dazzling Flash by Vehumet.
  1487 | D        | Reached **** piety under Vehumet
  1489 | D        | Noticed a black mamba
  1490 | D        | Killed a komodo dragon
  1490 | D        | Noticed an elephant
  1491 | D        | Killed a black mamba
  1492 | D        | Reached skill level 18 in Spellcasting
  1492 | D        | Reached ***** piety under Vehumet
  1497 | D        | Killed a black mamba
  1498 | D        | Reached XP level 10. HP: 44/52 MP: 1/34
  1613 | D        | Killed an elephant
  1884 | D        | Offered knowledge of Conjure Flame by Vehumet.
  1885 | D        | Reached skill level 19 in Spellcasting
  1889 | D        | Noticed a black mamba
  1896 | D        | Killed a black mamba
  1896 | D        | Reached ****** piety under Vehumet
  1897 | D        | Reached skill level 20 in Spellcasting
  2175 | D        | Offered knowledge of Conjure Ball Lightning by Vehumet.
  2370 | D        | Noticed Eustachio
  2373 | D        | Killed Eustachio
  2376 | D        | Noticed Harold
  2392 | D        | Killed Harold
  2392 | D        | Offered knowledge of Fulminant Prism by Vehumet.
  2393 | D        | Reached skill level 21 in Spellcasting
  2512 | D        | Noticed Joseph
  2518 | D        | Killed Joseph
  2519 | D        | Reached XP level 11. HP: 56/56 MP: 13/38
  2722 | D        | Noticed Sonja
  2725 | D        | Killed Sonja
  2811 | D        | Offered knowledge of Starburst by Vehumet.
  2955 | D        | Offered knowledge of Orb of Destruction by Vehumet.
  2976 | D        | Reached skill level 22 in Spellcasting
  3250 | D        | Found Iloleer's Antique Weapon Emporium.
  3250 | D        | Noticed an ogre mage
  3250 | D        | Noticed a two-headed ogre
  3250 | D        | Noticed a two-headed ogre
  3250 | D        | Noticed an ogre mage
  3252 | D        | Noticed an ogre mage
  3253 | D        | Killed an ogre mage
  3253 | D        | Offered knowledge of Lightning Bolt by Vehumet.
  3255 | D        | Killed a two-headed ogre
  3258 | D        | Killed a two-headed ogre
  3260 | D        | Killed an ogre mage
  3260 | D        | Noticed an ogre mage
  3261 | D        | Reached skill level 23 in Spellcasting
  3261 | D        | Killed an ogre mage
  3263 | D        | Noticed a two-headed ogre
  3265 | D        | Killed an ogre mage
  3271 | D        | Killed a two-headed ogre
  3480 | D        | Found Gimumi's Antique Armour Shoppe.
  3483 | D        | Found Kaerus's General Store.
  3487 | D        | Found Otuog's Jewellery Shoppe.
  3490 | D        | Noticed an ogre mage
  3491 | D        | Noticed a two-headed ogre
  3492 | D        | Noticed an ogre mage
  3495 | D        | Killed an ogre mage
  3495 | D        | Noticed a two-headed ogre
  3496 | D        | Reached skill level 24 in Spellcasting
  3513 | D        | Killed a two-headed ogre
  3514 | D        | Reached XP level 12. HP: 27/61 MP: 18/42
  3514 | D        | Killed an ogre mage
  3519 | D        | Killed a two-headed ogre
  3519 | D        | Offered knowledge of Spellforged Servitor by Vehumet.
  3785 | D        | Bought a glowing cloak for 202 gold pieces
  3791 | D        | Bought a potion of brilliance for 40 gold pieces
  3791 | D        | Bought a potion of invisibility for 80 gold pieces
  3791 | D        | Bought a scroll of identify for 20 gold pieces
  3791 | D        | Bought a scroll of magic mapping for 35 gold pieces
  3791 | D        | Bought 13 stones for 13 gold pieces
  3793 | D        | Bought a ring of wizardry for 360 gold pieces
  3978 | D        | Noticed a centaur warrior
  3978 | D        | Noticed a boulder beetle
  3978 | D        | Noticed a death knight
  3981 | D        | Killed a centaur warrior
  3991 | D        | Killed a boulder beetle
  3992 | D        | Reached skill level 25 in Spellcasting
  4106 | D        | Killed a death knight
  4255 | D        | Offered knowledge of Iron Shot by Vehumet.
  4312 | D        | Learned a level 6 spell: Iron Shot
  4401 | D        | Noticed a purple very ugly thing
  4402 | D        | Noticed an ettin
  4412 | D        | Killed a purple very ugly thing
  4412 | D        | Noticed a stone giant
  4535 | D        | Killed an ettin
  4536 | D        | Killed a stone giant
  4537 | D        | Reached skill level 26 in Spellcasting
  4537 | D        | Reached skill level 5 in Transmutations
  4821 | D        | Noticed an ettin
  4826 | D        | Killed an ettin
  4937 | D        | Noticed a fire giant
  4939 | D        | HP: 3/62 [fire giant/fireball (59)]
  4945 | D        | Killed from afar by a fire giant

Illustrated notes

Levels and vault maps discovered:
D:        linesprint [early_d, line_temple, items_1, d_10, items_2, lair_1,
          lair_end, items_3, orc_1, orc_end, items_4, d_15, swamp_1, shoals_1,
          snake_1, spider_1, d_20, vaults_1, items_5, swamp_end, shoals_end,
          snake_end, spider_end, vaults_end, d_27, items_6, zot_1, zot_end,
          crypt_end, forest_end, elf_end, slime_end, tomb_end, abyss_end,
          pan_hell_end]

Skill      XL: |  1  2  3  4  5  6  7  8  9 10 11 12 |
---------------+-------------------------------------+-----
Earth Magic    | 7 9 10 12 13 15 17 18 21 22 | 22.8
Dodging        | 3 4 5 |  5.9
Stealth        | 3 4 5 |  5.8
Spellcasting   | 6 8 10 12 14 16 18 21 24 26 | 26.3
Fighting       | 1 |  1.6
Conjurations   | 1 2 |  2.9
Evocations     | 2 3 |  3.2
Transmutations | 2 3 5 |  5.2

Action                   |  1- 3 |  4- 6 |  7- 9 | 10-12 || total
-------------------------+-------+-------+-------+-------++-------
Melee: Unarmed           |     1 |       |       |       ||     1
 Cast: Sandblast         |     9 |     7 |     5 |     9 ||    30
       Lee's Rapid Decon |       |     3 |    17 |    91 ||   111
       Stone Arrow       |       |     2 |     3 |    16 ||    21
       Petrify           |       |       |     1 |    20 ||    21
Evoke: Wand              |       |       |     3 |     5 ||     8
  Use: Potion            |     1 |     1 |     1 |     3 ||     6
       Scroll            |       |       |     1 |     3 ||     4
Armor: Robe              |       |     1 |     1 |     3 ||     5
Dodge: Dodged            |     4 |     3 |     5 |    14 ||    26

Table legend: (Time is in decaauts)
 A = Elapsed time spent in this place.
 B = Non-inter-level travel time spent in this place.
 C = Inter-level travel time spent in this place.
 D = Time resting spent in this place.
 E = Time spent auto-exploring this place.
 F = Levels seen in this place.
 G = Mean time per level.
                   A        B        C        D        E       F      G
               +--------+--------+--------+--------+--------+-----+--------+
         Total |   4923 |   4923 |      0 |   2520 |   1177 |   1 | 4923.0 |
       Dungeon |   4923 |   4923 |      0 |   2520 |   1177 |   1 | 4923.0 |
               +--------+--------+--------+--------+--------+-----+--------+

Top non-repeatable levels by time:
       D: 4923 daAuts
